 Dungeon Crawl Stone Soup version 0.29.1-1-gd02db69 (webtiles) character file.

Game seed: 1527832580755834887

803 RaoulCrankyPants the Cleaver (level 7, -5/61 HPs)
             Began as a Hill Orc Fighter on Apr 14, 2023.
             Was a Follower of Beogh.
             Killed by divine providence
             ... invoked by an orc priest
              (14 damage)
             ... on level 5 of the Dungeon.
             The game lasted 00:52:09 (2945 turns).

RaoulCrankyPants the Cleaver (Hill Orc Fighter)     Turns: 2945, Time: 00:52:10

Health: -5/61      AC: 13    Str: 23    XL:     7   Next: 91%
Magic:  7/7        EV: 12    Int:  8    God:    Beogh [*.....]
Gold:   181        SH:  5    Dex: 12    Spells: 6/6 levels left

rFire   . . .      SeeInvis .   a - +1 war axe
rCold   . . .      Faith    .   c - +0 buckler
rNeg    + . .      Spirit   .   y - +0 chain mail
rPois   .          Reflect  .   (helmet restricted)
rElec   .          Harm     .   (no cloak)
rCorr   .          Rampage  .   z - +2 pair of gloves of the Ego {Fly Str+4 Slay+3}
Will    .....                   (no boots)
Stlth   ..........              (no amulet)
HPRegen 0.20/turn               m - ring of positive energy
MPRegen 0.10/turn               K - +4 ring of evasion

@: flying
A: horns 1
a: Renounce Religion


You were on level 5 of the Dungeon.
You worshipped Beogh.
Beogh was aware of your devotion.
You visited 1 branch of the dungeon, and saw 5 of its levels.

You collected 181 gold pieces.

Inventory:

Hand Weapons
 a - a +1 war axe (weapon)
 f - a +0 dagger
 g - a +0 short sword
 h - a +2 dagger of pain
 n - a +0 quarterstaff
 o - a +0 whip
 p - a +2 quarterstaff of chaos
 r - a +0 hammer
 u - a +0 trident
 w - a +0 dagger of electrocution
 B - a +0 dagger
 D - a +0 flail
 G - a +0 dagger
 H - a +0 whip
 J - a +0 dagger
 L - a +0 hand axe
 N - a +0 trident
 O - a +0 dagger
 R - a +0 giant club
 T - a +0 sling
 U - a +0 club
 W - a +0 dagger
 X - a +3 dagger
 Y - a +0 long sword
 Z - a +0 war axe
Missiles
 e - 7 poisoned darts (quivered)
 k - 16 stones
Armour
 b - a +1 scale mail
 c - a +0 buckler (worn)
 j - a +0 robe
 q - a +0 cloak
 t - a +0 robe
 v - a +0 scale mail
 y - a +0 chain mail (worn)
 z - the +2 pair of gloves of the Ego (worn) {Fly Str+4 Slay+3}
   (You acquired it on level 4 of the Dungeon)

   Str:       It affects your strength (+4).
   Slay:      It affects your accuracy & damage with ranged weapons and melee
   (+3).
   Fly:       It grants you flight.
 A - a +0 ring mail
 C - a +0 leather armour
 E - a +0 leather armour
 I - a +0 robe
 M - a +0 leather armour
Magical Staves
 i - a staff of poison
Jewellery
 m - a ring of positive energy (left hand)
 K - a +4 ring of evasion (right hand)
Scrolls
 l - a scroll of poison
 s - a scroll of teleportation
 S - a scroll of fog
 V - a scroll of noise
Potions
 d - a potion of flight
 x - 2 potions of might
 F - 2 potions of brilliance
 Q - a potion of haste


   Skills:
 + Level 5.1 Fighting
 + Level 8.4 Axes
 + Level 5.2 Armour
 + Level 1.6 Dodging
 + Level 0.2 Stealth
 + Level 4.3 Shields


You had 6 spell levels left.
You didn't know any spells.
Your spell library contained the following spells:

 Spells                   Type           Power      Damage    Failure   Level
 Sandblast                Erth           0%         2d4       99%         1
 Tukima's Dance           Hex            0%         N/A       100%        3
 Passage of Golubria      Tloc           0%         N/A       100%        4
 Petrify                  Tmut/Erth      0%         N/A       100%        4
 Summon Forest            Summ/Tloc      0%         N/A       100%        5
 Yara's Violent Unravell  Hex/Tmut       0%         3d3       100%        5
 Iron Shot                Conj/Erth      0%         9d1       100%        6


Dungeon Overview and Level Annotations

Branches:
Dungeon (5/15)
 Temple: D:4-7

Altars:
Cheibriados
Sif Muna
Trog
Vehumet
The Shining One

Shops:
D:1 !


Innate Abilities, Weirdness & Mutations

You have a pair of small horns on your head.


Message History

You resist with some effort. The yak gores you!
You barely miss the yak. You headbutt the yak.
The yak is lightly wounded.
The yak closely misses you. The yak barely misses you.
You closely miss the yak. You headbutt the yak!
The yak is moderately wounded.
The yak barely misses you.
You slash the yak! You headbutt the yak, but do no damage.
The yak is heavily wounded.
The yak gores you but does no damage.
You slash the yak! You headbutt the yak!
You kill the yak!
Beogh accepts your kill.
The orc priest mumbles some strange prayers to Beogh against you.
Beogh smites you!
* * * LOW HITPOINT WARNING * * *
The orc wizard points at you and mumbles some strange words.
You are confused.
Your Fighting skill increases to level 5!
Your Armour skill increases to level 5!
The orc priest mumbles some strange prayers to Beogh against you.
Pain shoots through your body!
* * * LOW HITPOINT WARNING * * *
The orc wizard gestures wildly while chanting.
The orc wizard flickers and vanishes!
You miss the orc priest.
The orc priest hits you but does no damage.
You hit the orc priest.
The orc priest is lightly wounded.
The orc priest hits you but does no damage.
You bump into the rock wall.
You feel less confused. The orc priest barely misses you.
You slash the orc priest!
The orc priest is almost dead.
The orc priest invokes the aid of Beogh against you.
Beogh smites you!
You die...
Beogh appreciates the orc priest's killing of a heretic priest.

. #......#...#
#####....###
##...#.# #...<#.#
##.#.##.# .####
##..#....# .....
######..#######
.Y..# #...#..##
....# #...#@##
#...### #...#o#
..... #...Y{#
###.########[.o###
o.†..{.....†...#
###...###......#
###.###.#.#.##
#..##.#.#.#
##........#


You could see a yak, an orc priest and an orc wizard.

Vanquished Creatures
  3 yaks (D:5)
  An ogre (D:4)
  2 hounds
  Crazy Yiuf (D:2)
  An iguana (D:5)
  An orc wizard (D:3)
  9 adders
  2 worms (D:2)
  A dart slug (D:5)
  3 orcs (D:3)
  8 ball pythons
  2 endoplasms (D:3)
  4 giant cockroaches
  6 goblins
  6 quokkas
  4 bats
  A frilled lizard (D:1)
  8 kobolds
  5 rats
68 creatures vanquished.

Vanquished Creatures (others)
  A ball python (D:3)
  2 demonic plants (D:1)
  4 fungi
  2 plants (D:1)
9 creatures vanquished.

Grand Total: 77 creatures vanquished

Notes
Turn   | Place    | Note
-------+----------+-------------------------------------------
     0 | D:1      | RaoulCrankyPants the Hill Orc Fighter began the quest for
                  | the Orb.
     0 | D:1      | Reached XP level 1. HP: 19/19 MP: 1/1
    15 | D:1      | Found a faded altar of an unknown god.
   135 | D:1      | Reached XP level 2. HP: 27/27 MP: 2/2
   344 | D:1      | Found Qaxumiuj's Distillery.
   498 | D:1      | You fall into a shaft and drop 1 floor!
   611 | D:1      | Reached skill level 3 in Axes
  1030 | D:1      | Reached XP level 3. HP: 33/33 MP: 3/3
  1247 | D:2      | Found a runed translucent door.
  1248 | D:2      | Noticed Crazy Yiuf
  1256 | D:2      | Killed Crazy Yiuf
  1257 | D:2      | Reached skill level 4 in Axes
  1257 | D:2      | Reached XP level 4. HP: 25/40 MP: 4/4
  1508 | D:2      | Gained mutation: You have a pair of small horns on your
                  | head. [potion of mutation]
  1766 | D:3      | Became a worshipper of Beogh the Brigand
  1867 | D:3      | Reached XP level 5. HP: 24/46 MP: 5/5
  1870 | D:3      | Found a snail-covered altar of Cheibriados.
  1992 | D:3      | Reached skill level 5 in Axes
  2042 | D:3      | Found a radiant altar of Vehumet.
  2076 | D:3      | Found a bloodstained altar of Trog.
  2258 | D:4      | Noticed an ogre
  2267 | D:4      | Killed an ogre
  2268 | D:4      | Reached skill level 1 in Dodging
  2268 | D:4      | Reached XP level 6. HP: 41/53 MP: 6/6
  2398 | D:4      | Got the Catalogue of the Gathering and the Rocks
  2429 | D:4      | Reached skill level 6 in Axes
  2453 | D:4      | Reached * piety under Beogh
  2495 | D:4      | Found a glowing golden altar of the Shining One.
  2533 | D:4      | Identified a scroll of acquirement
  2534 | D:4      | Acquired the +2 pair of gloves of the Ego {Fly Str+4
                  | Slay+3}
  2648 | D:4      | Found a shimmering blue altar of Sif Muna.
  2723 | D:5      | Entered Level 5 of the Dungeon
  2838 | D:5      | Noticed a yak
  2839 | D:5      | Noticed a yak
  2839 | D:5      | Noticed a yak
  2849 | D:5      | Noticed a yak
  2856 | D:5      | Killed a yak
  2857 | D:5      | Reached skill level 7 in Axes
  2857 | D:5      | Reached XP level 7. HP: 37/60 MP: 7/7
  2859 | D:5      | Killed a yak
  2860 | D:5      | Reached skill level 8 in Axes
  2860 | D:5      | Noticed a yak
  2939 | D:5      | Killed a yak
  2940 | D:5      | Reached skill level 5 in Fighting
  2940 | D:5      | Reached skill level 5 in Armour
  2945 | D:5      | Killed from afar by an orc priest

Illustrated notes

Levels and vault maps discovered:
D:1:      ncdulo_wetmaze, layout_basic, shapermc_ecumenical_altar_gd,
          serial_shops, nicolae_diamond_shop
D:2:      layout_basic, uniq_crazy_yiuf_cottage
D:3:      layout_basic, mainiacjoe_overflow_catwalk, mainiacjoe_overflow_paths,
          fiery_altar_vehumet
D:4:      layout_cave_pools, mainiacjoe_overflow_alcove_2,
          mainiacjoe_overflow_six_doors_small
D:5:      layout_basic, minmay_temple_entry_statues_pillars, st_stairs_1,
          kennysheep_small_circle, uniq_prince_ribbit1

Skill      XL: |  1  2  3  4  5  6  7 |
---------------+----------------------+-----
Axes           | 3 4 5 7 8 |  8.4
Fighting       | 4 5 |  5.1
Armour         | 4 5 |  5.2
Dodging        | 1 |  1.6
Shields        | 4 |  4.3
Stealth        | |  0.2

Action                   |  1- 3 |  4- 6 |  7- 9 || total
-------------------------+-------+-------+-------++-------
Melee: War axe           |    76 |   125 |    11 ||   212
       Headbutt          |       |    15 |     5 ||    20
Invok: Convert to Beogh  |       |     1 |       ||     1
  Use: Potion            |     8 |     5 |       ||    13
       Scroll            |     2 |     9 |     1 ||    12
Armor: Scale mail        |    27 |    59 |       ||    86
       Chain mail        |       |    10 |     5 ||    15
Dodge: Dodged            |    26 |    56 |     5 ||    87
Block: Buckler           |    15 |    30 |     2 ||    47
